 Dungeon Crawl Stone Soup version 0.28-a0-802-g09f76e8c00 (webtiles) character file.

Game seed: 4602405767478240611

3813 porpoise the Thaumaturge (level 9, -4/53 HPs)
             Began as a Deep Elf Conjurer on Nov 7, 2021.
             Was a Follower of Vehumet.
             Slain by a manticore (7 damage)
             ... on level 10 of the Dungeon.
             The game lasted 00:25:54 (9268 turns).

porpoise the Thaumaturge (Deep Elf Conjurer)        Turns: 9268, Time: 00:25:55

Health: -4/53      AC:  5    Str:  3 (6)  XL:     9   Next: 97%
Magic:  3/27       EV: 27    Int: 24 (25) God:    Vehumet [*.....]
Gold:   376        SH:  0    Dex: 10 (13) Spells: 21/32 levels left

rFire   . . .      SeeInvis .   b - +0 hunting sling
rCold   + . .      Faith    .   (no shield)
rNeg    . . .      Spirit   .   s - +0 robe
rPois   +          Reflect  .   (no helmet)
rElec   .          Harm     .   f - +0 cloak
rCorr   .          Rampage  .   A - +0 pair of gloves
Will    .....                   z - +0 pair of boots
Stlth   ++........              x - amulet of the acrobat
HPRegen 0.17/turn               e - ring of poison resistance
MPRegen 0.20/turn               q - ring of protection from cold

@: spiked, acrobatic
A: no striking features
a: Renounce Religion


You were on level 10 of the Dungeon.
You worshipped Vehumet.
Vehumet was aware of your devotion.
You visited 2 branches of the dungeon, and saw 10 of its levels.

You collected 376 gold pieces.

Inventory:

Hand Weapons
 a - a +2 spear of venom
 b - a +0 hunting sling (weapon)
Missiles
 d - 31 poisoned darts
 g - 264 stones (quivered ammo)
 y - 49 sling bullets
Armour
 f - a +0 cloak (worn)
 s - a +0 robe (worn)
 z - a +0 pair of boots (worn)
 A - a +0 pair of gloves (worn)
Magical Staves
 m - a staff of air
Jewellery
 e - a ring of poison resistance (left hand)
 q - a ring of protection from cold (right hand)
 x - an amulet of the acrobat (around neck)
Wands
 r - a wand of polymorph (11)
 u - a wand of iceblast (12)
Scrolls
 h - a scroll of teleportation
 i - a scroll of enchant weapon {unknown}
 j - a scroll of vulnerability
 l - a scroll of immolation
 p - a scroll of torment {unknown}
 t - a scroll of fog {unknown}
 B - a scroll of magic mapping
 C - a scroll of noise {unknown}
 E - a scroll of silence {unknown}
 F - a scroll of enchant armour {unknown}
Potions
 c - a potion of resistance
 k - 2 potions of brilliance
 n - 3 potions of flight
 v - 2 potions of berserk rage
 D - 3 potions of lignification
 G - a potion of attraction {unknown}


   Skills:
 + Level 4.8 Fighting
 - Level 2.4 Dodging
 - Level 2.4 Stealth
 - Level 12.0 Spellcasting
 - Level 7.0 Conjurations
 + Level 8.4 Hexes
 - Level 5.0 Translocations


You had 21 spell levels left.
You knew the following spells:

 Your Spells              Type           Power      Damage    Failure   Level
a - Magic Dart            Conj           100%       1d8       1%          1
b - Searing Ray           Conj           96%        2d7       1%          2
c - Fulminant Prism       Conj/Hex       25%        3d14      1%          4
d - Iskenderun's Mystic   Conj/Tloc      43%        2d10      3%          4

Your spell library contained the following spells:

 Spells                   Type           Power      Damage    Failure   Level
 Freeze                   Ice            56%        1d7       4%          1
 Apportation              Tloc           76%        N/A       1%          1
 Dazzling Flash           Conj/Hex       100%       N/A       1%          3
 Mephitic Cloud           Conj/Pois/Air  25%        N/A       4%          3
 Call Imp                 Summ           14%        N/A       6%          2
 Corpse Rot               Necr/Air       28%        N/A       6%          2
 Poisonous Vapours        Pois/Air       28%        N/A       6%          2
 Ozocubu's Armour         Ice            14%        N/A       13%         3
 Invisibility             Hex            26%        N/A       21%         6
 Alistair's Intoxication  Tmut/Pois      9%         N/A       75%         5
 Ozocubu's Refrigeration  Ice            7%         4d6       100%        7


Dungeon Overview and Level Annotations

Branches:
Dungeon (8/15)             Temple (1/1) D:5
   Lair: D:8-11

Altars:
Ashenzari
Cheibriados
Dithmenos
Elyvilon
Fedhas
Gozag
Hepliaklqana
Kikubaaqudgha
Makhleb
Nemelex Xobeh
Okawaru
Qazlal
Ru
Sif Muna
Trog
Uskayaw
Vehumet
Wu Jian
Xom
Yredelemnul
Zin
The Shining One

Annotations:
D:8 exclusion: upstairs


Message History

Aim: a manticore (90% to hit)
The searing ray hits the manticore.
The manticore is lightly wounded. (Press . to maintain the ray.)
You hear a shout!
The searing ray hits the manticore.
The manticore is lightly wounded.
The searing ray hits the manticore!
The manticore is moderately wounded.
The searing ray hits the manticore.
The manticore is moderately wounded.
You finish channelling your searing ray.
The manticore completely misses you. The manticore barely misses you.
The manticore closely misses you.
Casting: Searing Ray (safe; 1% risk of failure)
Confirm with . or Enter, or press ? or * to list all spells.
Aiming: Searing Ray (safe; 1% risk of failure)
Press: ? - help, Shift-Dir - straight line, f/p - manticore
Aim: a manticore (moderately wounded, 90% to hit)
The searing ray hits the manticore!
The manticore is heavily wounded.
The searing ray hits the orc.
The orc is moderately wounded. (Press . to maintain the ray.)
The manticore bites you!
* * * LOW HITPOINT WARNING * * *
The manticore claws you.
* * * LOW HITPOINT WARNING * * *
The manticore barely misses you.
The searing ray hits the manticore.
The manticore is severely wounded.
The searing ray hits the orc.
You kill the orc!
Vehumet accepts your kill.
The searing ray hits the orc warrior!
The orc warrior is moderately wounded.
The manticore bites you.
* * * LOW HITPOINT WARNING * * *
The manticore claws you!
You die...

##+ $...
#### .<..#
+...##.....#
#.@H).o...
####......
o.... ....
##.


You could see a manticore, an orc warrior and an orc.

Vanquished Creatures
  Pikel (D:4)
  Prince Ribbit (D:5)
  Sigmund (D:3)
  A shadow (D:10)
  A wraith (D:5)
  Grum (D:8)
  A water moccasin (D:7)
  2 ice beasts
  A black bear (D:7)
  5 ogres
  3 centaurs
  2 wolves (D:8)
  A wyvern zombie (D:7)
  3 gnoll sergeants
  4 scorpions
  A howler monkey (D:4)
  2 bullfrog zombies
  2 centaur zombies
  3 centaur skeletons
  3 hounds
  2 orc priests
  2 jellies
  Jessica (D:3)
  3 iguanas
  Ijyb (D:3)
  An orc wizard (D:10)
  A hound skeleton (D:4)
  11 gnolls
  7 adders
  3 shadow imps
  A white imp (D:6)
  An ufetubus (D:4)
  An adder skeleton (D:4)
  A worm (D:2)
  3 dart slugs
  12 orcs
  2 bats
  7 endoplasms
  5 hobgoblins
  4 jackals
  4 quokkas
  7 ball pythons
  3 frilled lizards (D:2)
  7 goblins
  10 kobolds
  13 rats
  A bush (D:5)
153 creatures vanquished.

Vanquished Creatures (others)
  22 fulminant prisms
  25 plants (D:5)
47 creatures vanquished.

Grand Total: 200 creatures vanquished

Notes
Turn   | Place    | Note
-------+----------+-------------------------------------------
     0 | D:1      | porpoise the Deep Elf Conjurer began the quest for the Orb.
     0 | D:1      | Reached XP level 1. HP: 10/10 MP: 6/6
   287 | D:1      | Reached XP level 2. HP: 14/15 MP: 3/8
   333 | D:1      | Learned a level 2 spell: Searing Ray
   837 | D:1      | Reached skill level 4 in Spellcasting
  1053 | D:1      | Reached skill level 5 in Conjurations
  1053 | D:1      | Reached XP level 3. HP: 19/19 MP: 7/10
  1098 | D:1      | Found a faded altar of an unknown god.
  1805 | D:2      | Reached XP level 4. HP: 24/24 MP: 7/12
  1849 | D:2      | Learned a level 4 spell: Fulminant Prism
  1854 | D:2      | Learned a level 4 spell: Iskenderun's Mystic Blast
  2507 | D:3      | Reached skill level 5 in Spellcasting
  2507 | D:3      | Reached skill level 1 in Hexes
  2649 | D:3      | Noticed Ijyb
  2686 | D:3      | Killed Ijyb
  2687 | D:3      | Reached XP level 5. HP: 28/28 MP: 8/14
  2759 | D:3      | Noticed Sigmund
  2766 | D:3      | Killed Sigmund
  2767 | D:3      | Reached skill level 6 in Spellcasting
  2767 | D:3      | Reached XP level 6. HP: 25/32 MP: 4/17
  2767 | D:3      | Noticed Jessica
  2771 | D:3      | Killed Jessica
  3930 | D:4      | Reached skill level 7 in Spellcasting
  3930 | D:4      | Reached skill level 5 in Hexes
  4366 | D:4      | Reached skill level 1 in Translocations
  4366 | D:4      | Reached XP level 7. HP: 28/36 MP: 11/19
  4845 | D:5      | Entered Level 5 of the Dungeon
  5599 | D:5      | Noticed Prince Ribbit
  5607 | D:5      | Killed Prince Ribbit
  5608 | D:5      | Reached skill level 5 in Translocations
  5608 | D:5      | Reached XP level 8. HP: 28/41 MP: 7/20
  6069 | D:5      | Noticed Pikel
  6369 | D:5      | Reached skill level 8 in Spellcasting
  6442 | D:4      | Killed Pikel
  6443 | D:4      | Reached skill level 10 in Spellcasting
  6789 | D:5      | Reached XP level 9. HP: 46/46 MP: 14/25
  7058 | D:5      | Reached skill level 1 in Fighting
  7167 | D:5      | Found a staircase to the Ecumenical Temple.
  7177 | Temple   | Entered the Ecumenical Temple
  7347 | Temple   | Became a worshipper of Vehumet
  7394 | D:5      | Found a shimmering altar of Xom.
  7739 | D:6      | Reached skill level 11 in Spellcasting
  8105 | D:6      | You fall into a shaft and drop 2 floors!
  8542 | D:8      | Noticed Grum
  8547 | D:8      | Killed Grum
  8548 | D:8      | Reached skill level 12 in Spellcasting
  8664 | D:7      | Reached * piety under Vehumet
  8664 | D:7      | Offered knowledge of Freeze by Vehumet.
  9244 | D:7      | You fall into a shaft and drop 3 floors!
  9244 | D:10     | Entered Level 10 of the Dungeon
  9255 | D:10     | Noticed a manticore
  9268 | D:10     | Slain by a manticore

Illustrated notes

Levels and vault maps discovered:
D:1:      minmay_arrival_three_doors, layout_basic,
          shapermc_ecumenical_altar_hornbeckon, roderic_serpentine_path,
          amcnicky_mini_pool_small, minmay_rat_gold_closets
D:2:      layout_rooms
D:3:      layout_loops_cross, uniq_ijyb, uniq_sigmund, uniq_jessica
D:4:      layout_cave_pods, minmay_crystal_room
D:5:      layout_basic, xom_teletrap_fun, minmay_temple_entry_overgrown,
          kb_lookout_dungeons_type, serial_bayou_ford_a, uniq_prince_ribbit1,
          uniq_pikel
D:6:      layout_cave_pools
D:7:      layout_basic
D:8:      layout_loops_ring, uniq_grum
D:10:     layout_roguey, david_lair_shrubbed, hiddenorc1_lemuel
Temple:   minmay_crystal_snake_temple

Skill      XL: |  1  2  3  4  5  6  7  8  9 |
---------------+----------------------------+-----
Spellcasting   | 4 5 6 7 10 12 | 12.0
Conjurations   | 5 7 |  7.0
Hexes          | 2 4 5 7 8 |  8.4
Translocations | 1 5 |  5.0
Fighting       | 4 |  4.8
Dodging        | |  2.4
Stealth        | |  2.4

Action                   |  1- 3 |  4- 6 |  7- 9 || total
-------------------------+-------+-------+-------++-------
Melee: Dagger            |       |       |    49 ||    49
 Fire: Hunting sling     |       |    10 |    35 ||    45
 Cast: Magic Dart        |    67 |    24 |    18 ||   109
       Searing Ray       |     4 |    20 |    60 ||    84
       Fulminant Prism   |       |     1 |    21 ||    22
       Iskenderun's Myst |       |       |    12 ||    12
  Use: Scroll            |       |       |     8 ||     8
       Potion            |       |       |     4 ||     4
Armor: Robe              |     1 |     5 |    12 ||    18
       Skin              |       |       |     4 ||     4
Dodge: Dodged            |     1 |     7 |    57 ||    65

Table legend: (Time is in decaauts)
 A = Elapsed time spent in this place.
 B = Non-inter-level travel time spent in this place.
 C = Inter-level travel time spent in this place.
 D = Time resting spent in this place.
 E = Time spent auto-exploring this place.
 F = Levels seen in this place.
 G = Mean time per level.
                   A        B        C        D        E       F      G
               +--------+--------+--------+--------+--------+-----+--------+
         Total |   9295 |   9082 |    213 |   4061 |   3754 |  10 |  929.5 |
       Dungeon |   9082 |   8911 |    171 |   4061 |   3610 |   9 | 1009.1 |
        Temple |    212 |    170 |     42 |      0 |    144 |   1 |  212.0 |
               +--------+--------+--------+--------+--------+-----+--------+

Top non-repeatable levels by time:
     D:4: 2082 daAuts
     D:5: 2061 daAuts
     D:1: 1582 daAuts
     D:3: 1153 daAuts
     D:7: 665 daAuts
     D:2: 639 daAuts
     D:8: 474 daAuts
     D:6: 400 daAuts
  Temple: 212 daAuts
    D:10: 23 daAuts
